 Dungeon Crawl Stone Soup version 0.25-b1-37-g2669288c55 (webtiles) character file.

Game seed: 5427310415702199755

792876 1994 the Conqueror (level 27, -5/290 HPs)
             Began as an Ogre Hunter on June 4, 2020.
             Was a High Priest of Uskayaw.
             Killed from afar by a purple draconian annihilator (45 damage)
             ... with a crystal spear
             ... on level 5 of the Realm of Zot.
             The game lasted 04:20:12 (86525 turns).

1994 the Conqueror (Ogre Hunter)                   Turns: 86525, Time: 04:20:12

Health: -5/290     AC: 34    Str: 39    XL:     27
Magic:  11/36      EV: 10    Int: 11    God:    Uskayaw [*****.]
Gold:   9035       SH: 38    Dex:  9    Spells: 30/40 levels left

rFire    + + .     SeeInvis .   a - +8 mithril axe "Arga" {speed, MR+}
rCold    + + +     Gourm    .   V - +10 tower shield of Ignorance {rN+ Int-4}
rNeg     + + +     Faith    .   N - +9 scales of the Dragon King {rPois rF+ rC+ MR+}
rPois    +         Spirit   .   W - -2 hat of the Alchemist {rElec rPois rF+ rC+ rN+ MR+ rMut rCorr}
rElec    +         Reflect  +   g - +2 cloak {rCorr}
rCorr    +         Harm     .   (gloves unavailable)
rMut     +                      (boots unavailable)
MR       +++++                  k - amulet of Vexyfaz {Reflect rElec SH+5}
Stlth    ..........             I - ring "Wiataiq" {Str+6 Int+3 Slay+3}
HPRegen  0.58/turn              o - ring of the Exiled Beasts {+Blink rC+ rN+ MR+}
MPRegen  0.25/turn

@: no status effects
A: large, unfitting armour, talons 1, frail 1, low mp 1, magic resistance 2,
tough skin 1
}: 5/15 runes: decaying, slimy, silver, abyssal, gossamer
a: Stomp, Line Pass, Grand Finale, Renounce Religion, Evoke Blink


You were on level 5 of the Realm of Zot.
You worshipped Uskayaw.
Uskayaw was exalted by your worship.
You were not hungry.

You visited 13 branches of the dungeon, and saw 59 of its levels.
You visited the Abyss 1 time.
You also visited: Trove, Ossuary, Ice Cave, Wizlab and Desolation.

You collected 10529 gold pieces.
You spent 1494 gold pieces at shops.

Inventory:

Hand Weapons
 a - the +8 mithril axe "Arga" (weapon) {speed, MR+}
   (You found it in a treasure trove)

   Attacks with this weapon are significantly faster.
   It affects your resistance to hostile enchantments.
 b - a +3 vampiric war axe
Missiles
 h - 36 boomerangs
 l - 11 silver javelins
 n - 83 large rocks
 r - 9 throwing nets
 E - 1746 stones (quivered)
 R - 7 javelins
Armour
 g - a +2 cloak of preservation (worn)
 N - the +9 scales of the Dragon King (worn) {rPois rF+ rC+ MR+}
   (You found it in the Desolation of Salt)

   It protects you from fire.
   It protects you from cold.
   It protects you from poison.
   It affects your resistance to hostile enchantments.
 V - the +10 tower shield of Ignorance (worn) {rN+ Int-4}
   (You found it on level 11 of the Dungeon)

   It affects your intelligence (-4).
   It protects you from negative energy.
 W - the -2 hat of the Alchemist (worn) {rElec rPois rF+ rC+ rN+ MR+ rMut rCorr}
   (You found it on level 5 of the Pits of Slime)

   It protects you from fire.
   It protects you from cold.
   It insulates you from electricity.
   It protects you from poison.
   It protects you from negative energy.
   It affects your resistance to hostile enchantments.
   It provides partial protection from all sources of acid and corrosion.
   It protects you from mutation.
Magical Staves
 B - an uncursed staff of energy
Jewellery
 k - the amulet of Vexyfaz (around neck) {Reflect rElec SH+5}
   (You found it in a treasure trove)

   [amulet of reflection]

   It shields you and reflects attacks.
   It insulates you from electricity.
   It affects your SH (+5).
 o - the ring of the Exiled Beasts (right hand) {+Blink rC+ rN+ MR+}
   (You took it off a deep elf archer on level 1 of the Elven Halls)

   [ring of protection from cold]

   It protects you from cold.
   It protects you from negative energy.
   It affects your resistance to hostile enchantments.
   It lets you blink.
 q - the ring of the Past {rPois rF+ Dex+2 SInv}
   (You found it in the Desolation of Salt)

   [ring of see invisible]

   It affects your dexterity (+2).
   It protects you from fire.
   It protects you from poison.
   It lets you see invisible.
 I - the ring "Wiataiq" (left hand) {Str+6 Int+3 Slay+3}
   (You found it in the Desolation of Salt)

   [ring of strength]

   It affects your strength (+6).
   It affects your intelligence (+3).
   It affects your accuracy and damage with ranged weapons and melee attacks
   (+3).
 L - the ring "Wiosh" {Wiz Dex+3}
   (You took it off a spriggan defender on level 3 of the Depths)

   [ring of wizardry]

   It improves your spell success rate.
   It affects your dexterity (+3).
 X - the ring of Haekhesa {+Blink rPois rN+ Dex+2}
   (You acquired it on level 15 of the Dungeon)

   [ring of positive energy]

   It affects your dexterity (+2).
   It protects you from poison.
   It protects you from negative energy.
   It lets you blink.
Wands
 u - a wand of acid (21)
 w - a wand of digging (12)
 z - a wand of paralysis (64)
 H - a wand of iceblast (66)
 K - a wand of clouds (15)
Scrolls
 e - 3 scrolls of silence
 i - 39 scrolls of remove curse
 j - 11 scrolls of immolation
 m - 29 scrolls of teleportation
 t - 17 scrolls of blinking
 y - 5 scrolls of fear
 C - 5 scrolls of fog
 O - 9 scrolls of magic mapping
 S - 46 scrolls of identify
 Y - 3 scrolls of summoning
Potions
 c - 7 potions of haste
 d - 15 potions of heal wounds
 p - 3 potions of mutation
 v - 5 potions of ambrosia
 x - 12 potions of cancellation
 A - 25 potions of curing
 D - 8 potions of brilliance
 F - 12 potions of flight
 G - 7 potions of invisibility
 M - 5 potions of resistance
 P - 5 potions of berserk rage
 Q - 3 potions of magic
 T - 8 potions of might
 U - 8 potions of lignification
Miscellaneous
 s - a tin of tremorstones (3/3)
Comestibles
 f - 96 rations


   Skills:
 O Level 27 Fighting
 - Level 20.1 Axes
 + Level 22.6 Throwing
 * Level 19.2 Armour
 + Level 10.3 Dodging
 - Level 0.6 Stealth
 - Level 15.0 Shields
 * Level 7.4 Spellcasting
 - Level 12.0 Translocations
 O Level 27 Invocations
 - Level 6.0 Evocations


You had 30 spell levels left.
You knew the following spells:

 Your Spells              Type           Power        Failure   Level  Hunger
a - Apportation           Tloc           ####..       1%          1    None
b - Blink                 Tloc           N/A          1%          2    #......
c - Lesser Beckoning      Tloc           ####......   2%          3    ###....
d - Passage of Golubria   Tloc           N/A          8%          4    ####...

Your spell library contained the following spells:

 Spells                   Type           Power        Failure   Level  Hunger
 Gell's Gravitas          Tloc           ####......   2%          3    ###....
 Teleport Other           Tloc           ####....     2%          3    ###....
 Shroud of Golubria       Chrm/Tloc      ###...       14%         2    #......
 Recall                   Summ/Tloc      N/A          26%         3    ###....
 Iskenderun's Mystic Bla  Conj/Tloc      ###.....     65%         4    ####...
 Animate Skeleton         Necr           N/A          71%         1    None
 Beastly Appendage        Tmut           #.....       71%         1    None
 Corona                   Hex            #......      71%         1    None
 Foxfire                  Conj/Fire      #...         71%         1    None
 Freeze                   Ice            #...         71%         1    None
 Infusion                 Chrm           #...         71%         1    None
 Magic Dart               Conj           #...         71%         1    None
 Sandblast                Erth           #.....       71%         1    None
 Shock                    Conj/Air       #...         71%         1    None
 Sting                    Tmut/Pois      #...         71%         1    None
 Summon Butterflies       Summ           #.......     71%         1    None
 Summon Small Mammal      Summ           #...         71%         1    None
 Call Imp                 Summ           #.......     85%         2    #......
 Corpse Rot               Necr/Air       N/A          85%         2    #......
 Ensorcelled Hibernation  Hex/Ice        #.....       85%         2    #......
 Passwall                 Tmut/Erth      #.......     85%         2    #......
 Poisonous Vapours        Pois/Air       #.....       85%         2    #......
 Searing Ray              Conj           #.....       85%         2    #......
 Song of Slaying          Chrm           #.......     85%         2    #......
 Sublimation of Blood     Necr           #.........   85%         2    #......
 Swiftness                Chrm/Air       #.......     85%         2    #......
 Summon Forest            Summ/Tloc      ###.......   94%         5    ######.
 Call Canine Familiar     Summ           #.......     97%         3    ###....
 Confusing Touch          Hex            #.......     97%         3    ###....
 Dazzling Flash           Conj/Hex       #.....       97%         3    ###....
 Frozen Ramparts          Ice            #.....       97%         3    ###....
 Ignite Poison            Fire/Tmut/Pois #.......     97%         3    ###....
 Ozocubu's Armour         Chrm/Ice       #.......     97%         3    ###....
 Spectral Weapon          Hex/Chrm       #.......     97%         3    ###....
 Static Discharge         Conj/Air       #.......     97%         3    ###....
 Stone Arrow              Conj/Erth      #.....       97%         3    ###....
 Summon Guardian Golem    Hex/Summ       #.......     97%         3    ###....
 Tukima's Dance           Hex            #.......     97%         3    ###....
 Airstrike                Air            #.........   100%        4    ####...
 Animate Dead             Necr           N/A          100%        4    ####...
 Cause Fear               Hex            #.........   100%        4    ####...
 Dispel Undead            Necr           #.......     100%        4    ####...
 Fulminant Prism          Conj/Hex       #.........   100%        4    ####...
 Hailstorm                Conj/Ice       #.......     100%        4    ####...
 Ice Form                 Ice/Tmut       #.......     100%        4    ####...
 Leda's Liquefaction      Hex/Erth       #.........   100%        4    ####...
 Petrify                  Tmut/Erth      #.......     100%        4    ####...
 Sticky Flame             Conj/Fire      #.......     100%        4    ####...
 Summon Ice Beast         Ice/Summ       #.......     100%        4    ####...
 Summon Lightning Spire   Summ/Air       #.......     100%        4    ####...
 Agony                    Necr           #.......     100%        5    ######.
 Alistair's Intoxication  Tmut/Pois      #.......     100%        5    ######.
 Aura of Abjuration       Summ           #.........   100%        5    ######.
 Blade Hands              Tmut           #.........   100%        5    ######.
 Bolt of Magma            Conj/Fire/Erth #.........   100%        5    ######.
 Borgnjor's Vile Clutch   Necr/Erth      #.........   100%        5    ######.
 Excruciating Wounds      Chrm/Necr      #.........   100%        5    ######.
 Fireball                 Conj/Fire      #.........   100%        5    ######.
 Irradiate                Conj/Tmut      #.........   100%        5    ######.
 Iskenderun's Battlesphe  Conj/Chrm      #.......     100%        5    ######.
 Lee's Rapid Deconstruct  Erth           #.........   100%        5    ######.
 Lightning Bolt           Conj/Air       #.........   100%        5    ######.
 Metabolic Englaciation   Hex/Ice        #.........   100%        5    ######.
 Summon Demon             Summ           #.........   100%        5    ######.
 Summon Mana Viper        Hex/Summ       #.......     100%        5    ######.
 Yara's Violent Unravell  Hex/Tmut       #.........   100%        5    ######.
 Conjure Ball Lightning   Conj/Air       #.........   100%        6    #######
 Darkness                 Hex            #.........   100%        6    #######
 Death Channel            Necr           #.........   100%        6    #######
 Eringya's Noxious Bog    Tmut/Pois      #.........   100%        6    #######
 Freezing Cloud           Conj/Ice/Air   #.........   100%        6    #######
 Hydra Form               Tmut           #.........   100%        6    #######
 Invisibility             Hex            #.......     100%        6    #######
 Iron Shot                Conj/Erth      #.........   100%        6    #######
 Ozocubu's Refrigeration  Ice            #.........   100%        6    #######
 Shadow Creatures         Summ           N/A          100%        6    #######
 Simulacrum               Ice/Necr       #.........   100%        6    #######
 Starburst                Conj/Fire      #.........   100%        6    #######
 Statue Form              Tmut/Erth      #........    100%        6    #######
 Dragon Form              Tmut           #.........   100%        7    #######
 Haunt                    Necr/Summ      #.........   100%        7    #######
 Malign Gateway           Summ/Tloc      ###.......   100%        7    #######
 Orb of Destruction       Conj           #.........   100%        7    #######
 Ring of Flames           Chrm/Fire      #.........   100%        7    #######
 Spellforged Servitor     Conj/Summ      #.........   100%        7    #######
 Borgnjor's Revivificati  Necr           #.........   100%        8    #######
 Controlled Blink         Tloc           N/A          100%        8    #######
 Death's Door             Chrm/Necr      #.........   100%        8    #######
 Disjunction              Tloc           ####......   100%        8    #######
 Ignition                 Fire           #.........   100%        8    #######
 Infestation              Necr           #.........   100%        8    #######
 Necromutation            Tmut/Necr      #.........   100%        8    #######
 Dragon's Call            Summ           #.........   100%        9    #######
 Shatter                  Erth           #.........   100%        9    #######


Dungeon Overview and Level Annotations

Branches:
Dungeon (15/15)            Temple (1/1) D:6            Lair (6/6) D:10
  Swamp (4/4) Lair:4       Spider (4/4) Lair:3        Slime (5/5) Lair:6
    Orc (2/2) D:9             Elf (3/3) Orc:2        Vaults (5/5) D:14
  Crypt (3/3) Vaults:3       Tomb (0/3) Crypt:3      Depths (5/5) D:15
   Hell (visited)             Dis (0/7) Hell            Geh (0/7) Hell
    Coc (0/7) Hell            Tar (0/7) Hell            Zot (5/5) Depths:5
Ossuary (visited)           IceCv (visited)          WizLab (visited)
Desolation (visited)

Altars:
Ashenzari
Cheibriados
Dithmenos
Elyvilon
Fedhas
Gozag
Hepliaklqana
Kikubaaqudgha
Makhleb
Nemelex Xobeh
Okawaru
Qazlal
Ru
Sif Muna
Trog
Uskayaw
Vehumet
Wu Jian
Xom
Yredelemnul
Zin
The Shining One
Beogh
Lugonu

Shops:
D:12 *   Orc:2 (!!}   Elf:2 (   Vaults:1 *   Vaults:2 (   Vaults:3 (
Vaults:4 %   Depths:2 *   Depths:5 :

Portals:
Hell: Depths:1 Depths:2 Depths:3 Depths:4 Depths:5
Abyss: Depths:1 Depths:3 Depths:4
Pandemonium: Depths:3 Depths:4 Depths:5
Ziggurat: Depths:4

Annotations:
Spider:2 tower shield rf+
Vaults:4 gold d scales


Innate Abilities, Weirdness & Mutations

You are too large for most types of armour.
You have tough skin. (AC +1)
You have sharp toenails.
You are frail. (-10% HP)
Your magical capacity is low. (-10% MP)
You are highly resistant to hostile enchantments. (MR++)


Message History

You block the white draconian monk's attack. x2
The white draconian monk barely misses you.
The Killer Klown completely misses you.
Unknown command.
Unknown command.
Unknown command.
You stomp with the beat, sending a shockwave through the revelers around you!
The orb of fire is almost destroyed.
The purple draconian annihilator is severely wounded.
The white draconian monk is almost dead.
The Killer Klown is heavily wounded.
You feel somewhat more hungry.
You block the white draconian monk's attack. x2
The white draconian monk tail-slaps you but does no damage.
The orb of fire glows bright magenta.
The bolt of fire hits you!! You resist.
* * * LOW HITPOINT WARNING * * *
The purple draconian annihilator gestures at you while chanting.
The crystal spear hits you!!!
You die...

## #........^...... #
#................... ##
#......^....^....... .#
#...............^... .##
#.^.................
..###....$............^.
...###..................
#....##.......))qp.....#
###..^....$.....@*{...#
#▓▓▓▓▓▓▓▓▓▓▓##8qy..▓▓
.......▓ .........▓
........... ............
.$...........
........^.....


You could see an orb of fire, a Killer Klown, a white draconian monk (berserk),
a purple draconian annihilator and a moth of wrath.

Vanquished Creatures
  the Royal Jelly (Slime:5)
  Tiamat (Zot:2)
  The ghost of Heisao the Wrestler, a legendary TrBe of Trog (Zot:1)
  The ghost of Uneer the Black Belt, a legendary GnFE of Okawaru (Zot:1)
  4 orbs of fire (Zot:5)
  2 juggernauts (Depths:3)
  A juggernaut (shapeshifter) (Depths:4)
  5 ancient liches
  4 Killer Klowns (Zot:3)
  Bai Suzhen (Swamp:3)
  A shard shrike (Zot:3)
  2 curse toes (Zot:3)
  A caustic shrike (Depths:3)
  11 golden dragons
  Geryon (Hell)
  5 bone dragons
  Arachne (Spider:4)
  2 profane servitors (Crypt:3)
  3 electric golems
  15 tentacled monstrosities
  A deep elf blademaster (Elf:2)
  Asterion (Spider:3)
  9 Orb Guardians (Zot:5)
  3 liches
  3 deep elf master archers
  21 acid blobs
  4 quicksilver dragons
  An Executioner (Abyss:3)
  4 titans
  Gastronok (Lair:1)
  Murray (Hell)
  11 death cobs
  8 thorn hunters
  Frances (Swamp:1)
  A tentacled starspawn (Abyss:3)
  7 sphinxes
  An ancient champion (Crypt:2)
  6 draconian monks
  Kirke (Spider:4)
  Agnes (Spider:3)
  7 tengu reavers
  8 storm dragons
  2 daevas
  4 revenants
  14 shadow dragons
  11 azure jellies
  9 frost giants
  13 deep elf sorcerers
  Roxanne (Swamp:2)
  Aizul (Swamp:2)
  10 fire giants
  A frost giant (shapeshifter) (Depths:4)
  9 draconian knights
  3 balrugs
  7 draconian scorchers
  An iron dragon (shapeshifter) (Depths:4)
  12 ghost moths
  A juggernaut zombie (Hell)
  2 emperor scorpions (Spider:4)
  Louise (Swamp:4)
  20 vault wardens
  3 iron dragons (Depths:4)
  A curse skull (Crypt:2)
  An orc warlord (Orc:1)
  5 imperial myrmidons (Desolation)
  3 cacodemons (Abyss:3)
  5 draconian stormcallers
  5 war gargoyles
  8 draconian shifters
  4 draconian annihilators
  11 ghouls
  10 deep elf elementalists
  8 stone giants
  2 reapers (Hell)
  23 ironheart preservers
  2 spriggan defenders
  11 very ugly things
  4 entropy weavers
  3 vampire knights
  14 deep elf annihilators
  15 deep elf demonologists
  3 lorocyprocas (Depths:4)
  Azrael (Elf:1)
  18 purple draconians
  12 red draconians
  11 green draconians
  14 white draconians
  14 yellow draconians
  9 spark wasps
  11 black draconians
  10 deep elf death magi
  3 blizzard demons (Hell)
  10 eidola
  9 statues (WizLab)
  19 ettins
  A merfolk javelineer (Depths:3)
  A green death (Abyss:3)
  6 crystal guardians
  10 death oozes
  11 ragged hierophants (Desolation)
  5 jiangshi
  A mummy priest (Crypt:3)
  17 fire dragons
  7 deep elf high priests
  19 ogre magi
  13 yaktaur captains
  8 great orbs of eyes
  2 quicksilver dragon skeletons
  9 servants of whispers (Desolation)
  7 ice dragons
  5 rakshasas
  2 juggernaut simulacra (Depths:4)
  19 hydras
  An ice dragon (shapeshifter) (Depths:4)
  6 peacekeepers (Desolation)
  4 spriggan air magi
  Harold (D:7)
  37 vault guards
  3 ghost crabs (Swamp:4)
  3 shambling mangroves
  17 centaur warriors
  8 death knights
  A two-headed ogre (shapeshifter) (Vaults:5)
  A satyr (shapeshifter) (Vaults:3)
  45 two-headed ogres
  16 alligators
  33 dancing weapons
  An alligator (shapeshifter) (Depths:1)
  10 tengu warriors
  4 deep troll shamans
  6 hell hogs (Hell)
  15 deep troll earth magi
  3 vampire magi
  An orc high priest (Orc:1)
  A death yak (IceCv)
  23 hell knights
  4 spriggan berserkers
  8 thrashing horrors
  8 sun demons
  A titan skeleton (Abyss:3)
  A shock serpent (Depths:4)
  7 soul eaters
  A storm dragon zombie (Crypt:3)
  2 iron golems (Hell)
  A fire crab (shapeshifter) (Vaults:2)
  22 deep elf knights
  A spatial maelstrom (Abyss:1)
  20 skeletal warriors
  2 death drakes (Zot:2)
  38 large abominations
  6 shadow wraiths
  6 glowing orange brains
  An unseen horror (Abyss:2)
  An anaconda zombie (Hell)
  2 sixfirhies (Abyss:3)
  A golden dragon zombie (Hell)
  9 wretched stars
  An unseen horror (shapeshifter) (Vaults:1)
  A spark wasp zombie (Hell)
  20 ironbrand convokers
  7 flayed ghosts
  32 starcursed masses
  14 swamp dragons
  19 deep elf archers
  2 lindwurms (Zot:2)
  35 deep trolls
  5 harpies
  Pikel (D:7)
  2 wizards (Vaults:2)
  11 necromancers
  A golden dragon skeleton (Depths:2)
  27 phantasmal warriors
  16 orc knights
  22 orb spiders
  2 frost giant zombies
  2 iron dragon zombies
  5 stone giant zombies
  10 orc sorcerers
  A wolf spider (shapeshifter) (Depths:4)
  A wolf spider zombie (Crypt:3)
  84 deep elf magi
  32 wolf spiders
  A sphinx zombie (Hell)
  13 shining eyes
  A cyclops (shapeshifter) (Depths:3)
  4 oklob plants (Lair:2)
  An orange crystal statue (D:15)
  6 cyclopes
  A fire giant zombie (Crypt:3)
  30 moths of wrath
  A worldbinder (Abyss:2)
  An elephant (shapeshifter) (Abyss:1)
  49 ugly things
  Maurice (D:8)
  6 elephants
  3 black mambas (shapeshifter)
  19 vault sentinels
  2 naga magi (Depths:4)
  10 rust devils
  3 black mambas
  A stone giant skeleton (Hell)
  3 apocalypse crabs
  Joseph (D:7)
  2 eyes of devastation (Slime:5)
  2 guardian serpents (Desolation)
  An orange demon (Abyss:1)
  10 smoke demons
  2 emperor scorpion zombies (Crypt:3)
  17 spiny frogs
  A titan simulacrum (Abyss:1)
  An ice statue (IceCv)
  A gargoyle (D:14)
  2 spriggan zombies
  5 kobold demonologists
  Maggie (Lair:1)
  A dire elephant skeleton (Crypt:2)
  A hellion (Hell)
  A swamp worm zombie (Crypt:2)
  63 yaktaurs
  A rime drake (Lair:3)
  17 demonic crawlers
  A death yak zombie (Crypt:2)
  2 elf zombies
  18 freezing wraiths
  A redback zombie (D:15)
  A red draconian skeleton (Crypt:1)
  9 komodo dragons
  A tengu conjurer (Depths:3)
  A guardian mummy (Crypt:3)
  4 ancient zymes
  10 trolls
  5 hydra zombies
  4 hellwings
  30 jumping spiders
  2 polar bears (shapeshifter)
  A yaktaur skeleton (Vaults:5)
  A harpy zombie (Crypt:3)
  A wind drake (shapeshifter) (Vaults:4)
  A meliai (shapeshifter) (Vaults:4)
  29 hornets
  7 red devils
  20 polar bears
  9 tyrant leeches
  A queen bee (shapeshifter) (Vaults:4)
  57 saltlings (Desolation)
  9 bog bodies
  22 raiju
  16 hippogriffs
  An ettin zombie (Crypt:2)
  2 raiju (shapeshifter)
  12 blink frogs
  2 fire dragon zombies
  2 deep troll zombies (Hell)
  2 ice dragon zombies
  A frost giant simulacrum (Vaults:5)
  99 slime creatures
  7 dream sheep
  A fire dragon skeleton (Crypt:1)
  24 spriggans
  12 flying skulls
  A redback (shapeshifter) (Depths:3)
  A spriggan skeleton (Depths:2)
  7 shadows
  A centaur simulacrum (D:14)
  6 wyverns
  86 redbacks
  An ushabti (Crypt:3)
  A spriggan (shapeshifter) (Vaults:2)
  8 air elementals
  4 water elementals
  8 ynoxinuls
  6 hogs
  43 tarantellas
  7 basilisks
  An ice dragon skeleton (Crypt:2)
  A hog (shapeshifter) (Vaults:3)
  40 yaks
  16 wraiths
  2 humans (Spider:4)
  A yak (shapeshifter) (D:15)
  A human (shapeshifter) (Vaults:1)
  17 golden eyes
  A black mamba skeleton (Crypt:2)
  13 fire elementals
  6 hungry ghosts
  2 yaktaur simulacra (Vaults:5)
  Grum (D:8)
  5 chaos spawn
  A spriggan simulacrum (Depths:2)
  3 neqoxecs
  A glowing shapeshifter zombie (Crypt:2)
  30 vampire mosquitoes
  6 wargs
  A tengu zombie (Hell)
  Menkaure (D:7)
  13 swamp worms
  2 hydra simulacra (Hell)
  9 hell hounds
  Duvessa (D:5)
  4 acid dragons
  5 porcupines
  15 water moccasins
  A floating eye (Slime:5)
  A spiny frog skeleton (Hell)
  40 orc warriors
  7 sky beasts
  6 black bears
  A torturous demonspawn skeleton (Hell)
  A hornet zombie (D:14)
  4 slaves
  44 ogres
  16 swamp drakes
  15 ice beasts
  An ettin simulacrum (Crypt:2)
  2 phantoms
  17 necrophages
  8 boggarts
  4 eyes of draining
  47 wolves
  29 centaurs
  A torpor snail zombie (Crypt:1)
  20 small abominations
  A crocodile (shapeshifter) (Depths:5)
  16 crocodiles
  8 big kobolds
  5 earth elementals
  14 bullfrogs
  A gnoll sergeant (D:7)
  A spiny frog simulacrum (Hell)
  Dowan (D:5)
  A salamander skeleton (Crypt:1)
  2 water moccasin zombies
  9 wyvern skeletons (Crypt:3)
  2 scorpions
  A human simulacrum (Vaults:2)
  A water moccasin skeleton (D:6)
  5 killer bees
  A snapping turtle simulacrum (Crypt:2)
  3 howler monkeys (D:9)
  9 wights
  9 electric eels
  16 crimson imps
  2 bullfrog zombies
  9 jellies
  5 hounds
  2 quasits
  7 centaur zombies
  22 orc priests
  2 human zombies
  4 centaur skeletons
  A gnoll shaman (D:4)
  43 orc wizards
  4 bullfrog skeletons
  4 iron imps (Abyss:1)
  4 iguanas
  Ijyb (D:4)
  12 human skeletons (Vaults:3)
  5 worker ants
  2 killer bee zombies (D:8)
  A crocodile zombie (Crypt:2)
  A big kobold zombie (Ossuary)
  A naga zombie (Crypt:3)
  A deep dwarf skeleton (Crypt:2)
  An ogre skeleton (Crypt:2)
  A crocodile skeleton (Crypt:2)
  A hound zombie (D:10)
  6 mummies
  A howler monkey zombie (D:10)
  18 gnolls
  14 adders
  3 shadow imps
  A white imp (Abyss:3)
  2 ufetubi (Abyss:1)
  4 oozes
  An ooze (shapeshifter) (Vaults:4)
  A lava snake zombie (Crypt:2)
  An adder skeleton (D:4)
  4 worms
  A dart slug (D:1)
  8 leopard geckos
  126 orcs
  9 giant cockroaches
  A gnoll zombie (Ossuary)
  16 goblins
  3 hobgoblins
  6 jackals
  5 quokkas
  A ball python (D:2)
  9 bats
  7 frilled lizards
  A goblin zombie (Ossuary)
  A hobgoblin skeleton (Crypt:1)
  A jackal skeleton (D:8)
  34 kobolds
  A kobold zombie (Ossuary)
  An orc zombie (Ossuary)
  3 rats
  2 rat zombies (D:4)
  28 briar patches
  9 bushes (Elf:3)
  9 crawling corpses
  5 fungi
  A lurking horror (Abyss:1)
  A plant (Lair:2)
  2 starspawn tentacles (Abyss:3)
  2 withered plants (Crypt:3)
3395 creatures vanquished.

Vanquished Creatures (collateral kills)
  A human (D:7)
  An ooze (Lair:6)
  2 orcs (D:7)
4 creatures vanquished.

Vanquished Creatures (others)
  A fire giant (Depths:1)
  2 deep elf annihilators (Depths:4)
  A purple draconian (WizLab)
  A red draconian (Zot:5)
  A rakshasa (Abyss:1)
  A vampire mage (Depths:2)
  An unseen horror (Vaults:1)
  An anaconda zombie (Hell)
  A swamp dragon (Swamp:4)
  3 deep elf magi
  A spiny frog (Lair:6)
  A jumping spider (Spider:4)
  A black bear (D:8)
  A phantom (D:8)
  A small abomination (Abyss:1)
  A hound (D:8)
  A leopard gecko (D:8)
  3 orcs (Elf:1)
  A kobold (Abyss:1)
  9 briar patches
  52 bushes (Depths:5)
  4 fungi
  2 plants
  40 withered plants
131 creatures vanquished.

Grand Total: 3530 creatures vanquished

Notes
Turn   | Place    | Note
-------+----------+-------------------------------------------
     0 | D:1      | 1994 the Ogre Hunter began the quest for the Orb.
     0 | D:1      | Reached XP level 1. HP: 22/22 MP: 1/1
   393 | D:1      | Reached XP level 2. HP: 31/31 MP: 2/2
  1441 | D:2      | Found an opulent altar of Gozag.
  1473 | D:2      | Found a snail-covered altar of Cheibriados.
  1473 | D:2      | Found an ornate altar of the Wu Jian Council.
  1474 | D:2      | Found a radiant altar of Vehumet.
  1475 | D:2      | Found a stormy altar of Qazlal.
  1549 | D:2      | Reached skill level 1 in Axes
  1549 | D:2      | Reached XP level 3. HP: 34/37 MP: 3/3
  1689 | D:2      | Reached XP level 4. HP: 27/48 MP: 4/4
  2381 | D:2      | Found a sacrificial altar of Ru.
  3015 | D:3      | Found a sparkling altar of Nemelex Xobeh.
  3087 | D:3      | Reached XP level 5. HP: 42/54 MP: 5/5
  4409 | D:4      | Reached skill level 5 in Throwing
  4409 | D:4      | Reached XP level 6. HP: 22/65 MP: 1/6
  4591 | D:4      | Found a sand-covered staircase.
  4605 | Ossuary  | Entered an ossuary
  4860 | Ossuary  | Reached skill level 5 in Fighting
  5736 | Ossuary  | Reached XP level 7. HP: 58/72 MP: 7/7
  6338 | D:4      | Noticed Ijyb
  6353 | D:4      | Paralysed by Ijyb for 4 turns
  6366 | D:4      | Killed Ijyb
  6538 | D:4      | Reached skill level 5 in Axes
  7413 | D:5      | Entered Level 5 of the Dungeon
  7987 | D:4      | Reached XP level 8. HP: 84/84 MP: 8/8
  8154 | D:5      | Found a transporter.
  8156 | D:5      | Noticed Duvessa
  8156 | D:5      | Noticed Dowan
  8187 | D:5      | Killed Duvessa
  8396 | D:5      | Killed Dowan
  9032 | D:5      | Found a transporter.
 10528 | D:5      | Reached XP level 9. HP: 76/96 MP: 5/9
 11009 | D:6      | Found a staircase to the Ecumenical Temple.
 11014 | Temple   | Entered the Ecumenical Temple
 11784 | D:7      | Noticed Menkaure
 11788 | D:7      | Killed Menkaure
 12663 | D:7      | Noticed Joseph
 12668 | D:7      | Killed Joseph
 12947 | D:7      | Noticed Harold
 12954 | D:7      | Killed Harold
 12954 | D:7      | Reached XP level 10. HP: 101/110 MP: 8/10
 13184 | D:7      | Reached skill level 10 in Axes
 13360 | D:7      | Reached skill level 10 in Fighting
 14104 | D:8      | Noticed Maurice
 14118 | D:8      | Killed Maurice
 14436 | D:8      | Noticed Pikel
 14837 | D:8      | Found a shimmering altar of Xom.
 15092 | D:8      | Noticed Grum
 15357 | D:7      | Killed Pikel
 15810 | D:8      | Found a sparkling altar of Nemelex Xobeh.
 15810 | D:8      | Found a hide-covered altar of Uskayaw.
 15810 | D:8      | Found an iron altar of Okawaru.
 15817 | D:8      | Became a worshipper of Uskayaw the Reveler
 16065 | D:9      | Reached * piety under Uskayaw
 16074 | D:9      | Reached ** piety under Uskayaw
 16079 | D:9      | Reached *** piety under Uskayaw
 16083 | D:9      | Reached **** piety under Uskayaw
 16209 | D:9      | Reached skill level 1 in Invocations
 16209 | D:9      | Reached XP level 11. HP: 119/119 MP: 11/11
 16734 | D:9      | Found a bloodstained altar of Trog.
 17030 | D:9      | Reached ***** piety under Uskayaw
 17202 | D:9      | Found a staircase to the Orcish Mines.
 17311 | D:10     | Entered Level 10 of the Dungeon
 17940 | D:10     | Noticed a two-headed ogre
 17990 | D:10     | Killed a two-headed ogre
 18214 | D:10     | Found a staircase to the Lair.
 18475 | D:10     | Noticed a tengu warrior
 18477 | D:10     | Noticed a tengu warrior
 18522 | D:9      | Killed a tengu warrior
 18696 | D:9      | Killed a tengu warrior
 18696 | D:9      | Reached skill level 1 in Shields
 19059 | D:10     | Reached skill level 5 in Invocations
 19853 | D:11     | Identified 2 scrolls of acquirement
 20012 | D:6      | Learned a level 1 spell: Apportation
 20136 | D:11     | Noticed a purple ugly thing
 20144 | D:10     | Killed a purple ugly thing
 20218 | D:11     | Reached XP level 12. HP: 129/132 MP: 16/16
 20413 | D:11     | Noticed a centaur warrior
 20414 | D:11     | Noticed a six-headed hydra
 20657 | D:10     | Killed a six-headed hydra
 20657 | D:10     | Reached skill level 10 in Throwing
 20657 | D:10     | Reached skill level 1 in Armour
 20712 | D:11     | Killed a centaur warrior
 20718 | D:11     | Noticed an ogre mage
 20724 | D:11     | Killed an ogre mage
 20969 | D:11     | Found the +10 tower shield of Ignorance {rN+ Int-4}
 21127 | D:11     | Found an opulent altar of Gozag.
 21395 | Lair:1   | Entered Level 1 of the Lair of Beasts
 21783 | Lair:1   | Noticed Gastronok
 21843 | Lair:1   | Noticed Maggie
 21849 | Lair:1   | Killed Gastronok
 21858 | Lair:1   | Killed Maggie
 22299 | Lair:1   | Noticed a five-headed hydra
 22313 | Lair:1   | Killed a five-headed hydra
 22554 | Lair:2   | Reached XP level 13. HP: 129/141 MP: 18/18
 23002 | Lair:2   | Reached skill level 5 in Shields
 24571 | Lair:3   | Got the +3 war axe of the Empty Page {antimagic, +Inv}
 25122 | Lair:3   | Found a hole to the Spider Nest.
 26341 | Lair:4   | Reached ****** piety under Uskayaw
 26613 | Lair:4   | You fall into a shaft and drop 2 floors!
 26613 | Lair:6   | Entered Level 6 of the Lair of Beasts
 27205 | Lair:6   | Reached XP level 14. HP: 153/153 MP: 20/20
 27732 | Lair:6   | Found a staircase to the Slime Pits.
 28613 | Lair:4   | Found a staircase to the Swamp.
 29117 | Lair:5   | Identified the Catalogue of Air and the Entourage
 29563 | D:12     | Found Xygoeg's General Store.
 29930 | D:12     | Found a frozen archway.
 29976 | IceCv    | Entered an ice cave
 30876 | IceCv    | Reached skill level 15 in Axes
 30939 | IceCv    | Noticed a white draconian
 30953 | IceCv    | Killed a white draconian
 30953 | IceCv    | Reached XP level 15. HP: 147/165 MP: 22/22
 30999 | IceCv    | Got a transparent bronze ring
 31001 | IceCv    | Identified the ring of Suicidal Tendencies {Ice +Inv} (You
                  | found it in an ice cave)
 31967 | D:12     | Found a portal to a secret trove of treasure.
 32218 | Trove    | Entered a treasure trove
 32241 | Trove    | Found the +8 mithril axe "Arga" {speed, MR+}
 32283 | Trove    | Got a coiled graven amulet
 32285 | Trove    | Got a wavering bone amulet
 32287 | Trove    | Got a warped jade amulet
 32324 | D:12     | Identified the amulet of Vexyfaz {Reflect rElec SH+5} (You
                  | found it in a treasure trove)
 32327 | D:12     | Identified the amulet "Forhafac" {Faith rElec rPois MR-
                  | Dex+7} (You found it in a treasure trove)
 32329 | D:12     | Identified the amulet of the Seven Songs {Spirit rC+ Dex+4
                  | Stlth+} (You found it in a treasure trove)
 32509 | D:8      | Killed Grum
 33193 | D:13     | Got the ring "Momipo" {rElec rF+ MR+ Int-4}
 33548 | D:14     | Found a gate to the Vaults.
 33561 | D:14     | Reached skill level 10 in Invocations
 34322 | D:14     | Reached skill level 10 in Shields
 34929 | D:15     | Entered Level 15 of the Dungeon
 34982 | D:15     | Reached skill level 15 in Fighting
 35012 | D:15     | Reached XP level 16. HP: 157/176 MP: 23/23
 35440 | D:15     | Found a runed translucent door.
 35480 | D:15     | Found a staircase to the Depths.
 36528 | D:15     | Found a staircase to the Depths.
 36925 | D:15     | Got the ring of Haekhesa {+Blink rPois rN+ Dex+2}
 37133 | Orc:1    | Entered Level 1 of the Orcish Mines
 37426 | Orc:2    | Entered Level 2 of the Orcish Mines
 37426 | Orc:2    | Found a roughly hewn altar of Beogh.
 37661 | Orc:2    | Found a staircase to the Elven Halls.
 38163 | Orc:2    | Found Zeyc's Antique Weapon Emporium.
 38250 | Orc:2    | Found an ancient bone altar of Kikubaaqudgha.
 38260 | Orc:2    | Found Ugitoid's Distillery.
 38284 | Orc:2    | Found a radiant altar of Vehumet.
 38330 | Orc:2    | Found a roughly hewn altar of Beogh.
 38330 | Orc:2    | Found Haserph's Gadget Emporium.
 38341 | Orc:2    | Found Jeburump's Distillery.
 38712 | Orc:2    | Bought a potion of heal wounds for 85 gold pieces
 38712 | Orc:2    | Bought a potion of resistance for 170 gold pieces
 38712 | Orc:2    | Bought a potion of might for 68 gold pieces
 38712 | Orc:2    | Bought a potion of cancellation for 136 gold pieces
 38728 | Orc:2    | Bought a potion of haste for 180 gold pieces
 38758 | Orc:2    | Bought a slimy war axe for 187 gold pieces
 38758 | Orc:2    | Identified the cursed +1 war axe "Laovidgh" {vorpal, rC-
                  | Str+5} (You bought it in a shop on level 2 of the Orcish
                  | Mines)
 38924 | Orc:1    | Found a roughly hewn altar of Beogh.
 39311 | Swamp:1  | Entered Level 1 of the Swamp
 39311 | Swamp:1  | Noticed Frances
 39335 | Swamp:1  | Killed Frances
 39497 | Swamp:1  | Noticed a thorn hunter
 39512 | Swamp:1  | Killed a thorn hunter
 40583 | Swamp:2  | Noticed a thorn hunter
 40596 | Swamp:2  | Killed a thorn hunter
 40599 | Swamp:2  | Reached XP level 17. HP: 142/187 MP: 25/25
 40971 | Swamp:2  | Identified Roxanne's Tome of Transmigration
 40971 | Swamp:2  | Noticed Roxanne
 41171 | Swamp:2  | Killed Roxanne
 41248 | Swamp:2  | Noticed Aizul
 41262 | Swamp:2  | Killed Aizul
 41577 | Swamp:2  | Identified the cursed +1 chain mail of the Elephant {rElec
                  | rPois}
 41768 | Swamp:3  | Noticed Bai Suzhen
 41778 | Swamp:3  | Killed Bai Suzhen
 42783 | Swamp:4  | Entered Level 4 of the Swamp
 42801 | Swamp:4  | Noticed Louise
 42830 | Swamp:4  | Killed Louise
 43772 | Swamp:4  | Reached XP level 18. HP: 196/196 MP: 26/26
 44379 | Swamp:4  | Reached skill level 15 in Shields
 44743 | Swamp:4  | Got a decaying rune of Zot
 44884 | Spider:1 | Entered Level 1 of the Spider Nest
 44899 | Spider:1 | Reached skill level 5 in Armour
 45023 | Spider:1 | Got a scorched war axe
 45050 | Spider:1 | Identified the +12 war axe "Pacir" {speed, *Noise rPois
                  | rN++ Dex+2} (You found it on level 1 of the Spider Nest)
 45249 | Spider:1 | Reached skill level 1 in Evocations
 46897 | Spider:2 | You fall into a shaft and drop 1 floor!
 46897 | Spider:3 | Noticed Agnes
 46913 | Spider:3 | Killed Agnes
 47007 | Spider:3 | Noticed Asterion
 47021 | Spider:3 | Killed Asterion
 47021 | Spider:3 | Reached skill level 10 in Armour
 47552 | Spider:2 | Found a runed translucent door.
 47769 | Spider:2 | Reached XP level 19. HP: 204/204 MP: 27/27
 48125 | Spider:4 | Entered Level 4 of the Spider Nest
 48343 | Spider:4 | Noticed Kirke
 48352 | Spider:4 | Killed Kirke
 49245 | Spider:4 | Noticed Arachne
 49302 | Spider:4 | Killed Arachne
 49318 | Spider:4 | Got a gossamer rune of Zot
 49791 | Elf:1    | Entered Level 1 of the Elven Halls
 49943 | Elf:1    | Reached skill level 5 in Evocations
 49993 | Elf:1    | Noticed Azrael
 50017 | Elf:1    | Killed Azrael
 50266 | Elf:1    | Identified the ring of the Exiled Beasts {+Blink rC+ rN+
                  | MR+}
 50268 | Elf:1    | Identified the +2 demon trident of Eqeedint {drain,
                  | *Corrode rPois MR+++ Int-3}
 50277 | Elf:1    | Found a runed translucent gate.
 50277 | Elf:1    | Found a runed translucent gate.
 50277 | Elf:1    | Found a runed translucent gate.
 50277 | Elf:1    | Found a runed translucent gate.
 50277 | Elf:1    | Found a runed translucent gate.
 50294 | Elf:1    | Found a runed translucent gate.
 50311 | Elf:1    | Reached XP level 20. HP: 61/218 MP: 23/29
 51664 | Elf:2    | Found a runed translucent gate.
 51664 | Elf:2    | Found a runed translucent gate.
 51664 | Elf:2    | Found a runed translucent gate.
 51717 | Elf:2    | Found Cuahuus's Weapon Shop.
 52464 | Elf:3    | Entered Level 3 of the Elven Halls
 52945 | Elf:3    | Reached XP level 21. HP: 141/234 MP: 31/31
 53423 | Elf:3    | Reached skill level 5 in Dodging
 53430 | Elf:3    | Identified the +0 robe "Odosimmocug" {+Blink Slay+5}
 53455 | Elf:3    | Identified the +6 battleaxe "Wet Qoar" {freeze, Int+2
                  | Stlth+}
 53461 | Elf:3    | Gained mutation: You are occasionally teleported next to
                  | monsters. [a cacodemon]
 54102 | Elf:3    | Identified the Catalogue of Calling
 54109 | Elf:3    | Identified the Volume of Conjuration
 54452 | Lair:1   | Lost mutation: You are occasionally teleported next to
                  | monsters. [potion of mutation]
 54452 | Lair:1   | Gained mutation: Potions are less effective at restoring
                  | your health. [potion of mutation]
 54452 | Lair:1   | Gained mutation: You possess an exceptional clarity of
                  | mind. [potion of mutation]
 54453 | Lair:1   | Lost mutation: Potions are less effective at restoring your
                  | health. [potion of mutation]
 54453 | Lair:1   | Lost mutation: You possess an exceptional clarity of mind.
                  | [potion of mutation]
 54453 | Lair:1   | Gained mutation: Potions are less effective at restoring
                  | your health. [potion of mutation]
 54453 | Lair:1   | Gained mutation: You are partially covered in icy blue
                  | scales. (AC +2) [potion of mutation]
 54453 | Lair:1   | Gained mutation: Your system is resistant to poisons.
                  | (rPois) [potion of mutation]
 54454 | Lair:1   | Lost mutation: Potions are less effective at restoring your
                  | health. [potion of mutation]
 54454 | Lair:1   | Lost mutation: Your system is resistant to poisons. (rPois)
                  | [potion of mutation]
 54454 | Lair:1   | Gained mutation: You do not regenerate when monsters are
                  | visible. [potion of mutation]
 54454 | Lair:1   | Gained mutation: You are agile. (Dex +2) [potion of
                  | mutation]
 54455 | Lair:1   | Lost mutation: You do not regenerate when monsters are
                  | visible. [potion of mutation]
 54455 | Lair:1   | Lost mutation: You are partially covered in icy blue
                  | scales. (AC +2) [potion of mutation]
 54455 | Lair:1   | Lost mutation: You are agile. (Dex +2) [potion of mutation]
 54455 | Lair:1   | Gained mutation: You have sharp toenails. [potion of
                  | mutation]
 54455 | Lair:1   | Gained mutation: You are resistant to hostile enchantments.
                  | (MR+) [potion of mutation]
 54455 | Lair:1   | Gained mutation: You are highly resistant to hostile
                  | enchantments. (MR++) [potion of mutation]
 54603 | Vaults:1 | Entered Level 1 of the Vaults
 54903 | Vaults:1 | Reached skill level 15 in Throwing
 55015 | Vaults:1 | Found Zorphiske's Assorted Antiques.
 55019 | Vaults:1 | Bought a scroll of blinking for 247 gold pieces
 55019 | Vaults:1 | Bought a scroll of fear for 115 gold pieces
 55019 | Vaults:1 | Bought a scroll of fog for 66 gold pieces
 55801 | Vaults:2 | Found a magical portal.
 55823 | WizLab   | Entered Iskenderun's Mystic Tower
 56344 | WizLab   | Reached XP level 22. HP: 239/249 MP: 32/32
 56476 | WizLab   | Identified Iskenderun's Volume of Battle Magic
 56476 | WizLab   | Identified Iskenderun's Grimoire of Conjuration
 57243 | Vaults:2 | Reached skill level 15 in Invocations
 57252 | Vaults:2 | Found Toisho's Antique Weapon Emporium.
 58529 | Vaults:3 | Reached XP level 23. HP: 222/265 MP: 34/34
 58732 | Vaults:3 | Found Xuogapp's Weapon Shoppe.
 58740 | Vaults:3 | Bought 6 silver boomerangs for 189 gold pieces
 59074 | Vaults:3 | Found a staircase to the Crypt.
 59446 | Vaults:4 | Found Quikor's Food Shop.
 59454 | Vaults:4 | Found a ruined gateway.
 59469 | Desolati | Entered the Desolation of Salt
 59725 | Desolati | Got a shimmering jade ring
 59726 | Desolati | Identified the ring of the Past {rPois rF+ Dex+2 SInv} (You
                  | found it in the Desolation of Salt)
 59731 | Desolati | Identified the Guide on Aerial Snow
 59858 | Desolati | Found the +8 arc blade {discharge, rElec}
 59879 | Desolati | Got a warped jade ring
 59881 | Desolati | Got a pitted wooden ring
 59883 | Desolati | Got a wavering bone ring
 60062 | Desolati | Found the +9 scales of the Dragon King {rPois rF+ rC+ MR+}
 60063 | Desolati | Identified Sif Muna's Catalogue of Torrid Weightlessness
 60065 | Desolati | Identified the Compendium of the Traveller
 60084 | Desolati | Learned a level 2 spell: Blink
 60087 | Desolati | Got a twitching bronze ring
 60521 | Vaults:4 | Identified the ring "Firinko" {*Contam rElec rF++ Int+2
                  | Stlth+} (You found it in the Desolation of Salt)
 60524 | Vaults:4 | Identified the ring "Leratoik" {rF- rN++ MP+9 Dex+2 Slay+2}
                  | (You found it in the Desolation of Salt)
 60527 | Vaults:4 | Identified the ring "Wiataiq" {Str+6 Int+3 Slay+3} (You
                  | found it in the Desolation of Salt)
 60531 | Vaults:4 | Identified the ring "Nuigral" {Fire Dex+3} (You found it in
                  | the Desolation of Salt)
 60839 | Vaults:4 | Reached XP level 24. HP: 280/280 MP: 35/35
 63112 | Crypt:1  | Entered Level 1 of the Crypt
 64869 | Crypt:3  | Entered Level 3 of the Crypt
 65050 | Crypt:3  | Found a basalt altar of Yredelemnul.
 65527 | Crypt:3  | Found a staircase to the Tomb.
 66376 | Crypt:3  | Reached XP level 25. HP: 269/296 MP: 36/36
 67070 | Depths:1 | Entered Level 1 of the Depths
 67199 | Depths:1 | Found a one-way gate to the infinite horrors of the Abyss.
 67728 | Depths:1 | Found a gateway to Hell.
 68017 | Depths:2 | Found Azxabun's General Store.
 68020 | Depths:2 | Bought a scroll of teleportation for 51 gold pieces
 68067 | Depths:2 | Learned a level 3 spell: Lesser Beckoning
 69381 | Depths:3 | Noticed a juggernaut
 69388 | Depths:3 | Killed a juggernaut
 69450 | Depths:3 | Identified the ring "Wiosh" {Wiz Dex+3}
 69464 | Depths:3 | Reached XP level 26. HP: 300/312 MP: 37/37
 69486 | Depths:3 | Noticed a juggernaut
 69501 | Depths:3 | Killed a juggernaut
 69836 | Depths:3 | Found a one-way gate leading to the halls of Pandemonium.
 69889 | Depths:3 | Found a corrupted altar of Lugonu.
 69988 | Depths:3 | Reached skill level 27 in Fighting
 71316 | Depths:4 | Noticed a shard shrike
 71316 | Depths:4 | Noticed a juggernaut
 71316 | Depths:4 | a shard shrike changed into a juggernaut
 71324 | Depths:4 | Killed a juggernaut
 71506 | Depths:4 | Found a gateway to a ziggurat.
 71530 | Depths:4 | Reached skill level 1 in Translocations
 72061 | Depths:5 | Entered Level 5 of the Depths
 72329 | Depths:5 | Reached XP level 27. HP: 294/323 MP: 37/37
 72470 | Depths:5 | Found a glowing golden altar of the Shining One.
 72595 | Depths:5 | Found a gate to the Realm of Zot.
 72603 | Depths:5 | Reached skill level 5 in Translocations
 72849 | Depths:5 | Found Fil Etekk's Book Boutique.
 73090 | Vaults:3 | Learned a level 4 spell: Passage of Golubria
 73120 | Vaults:5 | Entered Level 5 of the Vaults
 73130 | Vaults:4 | Reached skill level 1 in Spellcasting
 73525 | Vaults:5 | Reached skill level 5 in Spellcasting
 73653 | Vaults:5 | Got a silver rune of Zot
 73701 | Vaults:5 | Noticed an ancient lich
 73735 | Vaults:5 | Killed an ancient lich
 73911 | Vaults:5 | Identified the ring "Zocownuo" {rF+ rN+ Dex+5}
 74393 | Vaults:5 | Identified the Catalogue of Thrice Damned Blessings
 74399 | Vaults:5 | Identified the Volume of Changing and Stones
 74968 | Hell     | Entered the Vestibule of Hell
 74968 | Hell     | Noticed Geryon
 74994 | Hell     | Noticed Murray
 75009 | Hell     | Killed Murray
 75019 | Hell     | Killed Geryon
 75475 | Hell     | Found a gateway to the ashen valley of Gehenna.
 75682 | Hell     | Found a gateway to the decaying netherworld of Tartarus.
 75912 | Hell     | Found a gateway to the freezing wastes of Cocytus.
 76046 | Hell     | Found a gateway to the Iron City of Dis.
 76823 | Depths:3 | Voluntarily entered the Abyss.
 76981 | Abyss:1  | Reached skill level 10 in Translocations
 77818 | Abyss:1  | Identified the +8 tower shield "Puaraddaini" {Harm +Inv
                  | Str+3 Dex-3}
 78305 | Abyss:2  | Gained mutation: You are frail. (-10% HP) [a neqoxec]
 78631 | Abyss:3  | Gained mutation: You have supernaturally acute eyesight.
                  | (SInv) [a cacodemon]
 78786 | Abyss:3  | Got an abyssal rune of Zot
 78818 | Abyss:3  | Paralysed by accursed screaming for 1 turns
 78861 | Depths:3 | Escaped the Abyss
 79730 | Slime:1  | Entered Level 1 of the Pits of Slime
 79919 | Slime:1  | Gained mutation: Your magical capacity is low. (-10% MP) [a
                  | shining eye]
 80503 | Slime:5  | Entered Level 5 of the Pits of Slime
 80525 | Slime:5  | Reached skill level 15 in Armour
 80610 | Slime:5  | Noticed the Royal Jelly
 80627 | Slime:5  | Killed the Royal Jelly
 80778 | Slime:5  | Lost mutation: You have supernaturally acute eyesight.
                  | (SInv) [a shining eye]
 80828 | Slime:5  | Found the -2 hat of the Alchemist {rElec rPois rF+ rC+ rN+
                  | MR+ rMut rCorr}
 80868 | Slime:5  | Got a slimy rune of Zot
 80921 | Slime:5  | Identified Parokokh's Guide on Fetching Feathers
 81742 | Zot:1    | Entered Level 1 of the Realm of Zot
 82178 | Zot:1    | Found a runed translucent gate.
 82178 | Zot:1    | Found a runed translucent gate.
 82178 | Zot:1    | Found an ancient bone altar of Kikubaaqudgha.
 82178 | Zot:1    | Found a runed translucent gate.
 82179 | Zot:1    | Noticed Uneer's ghost (legendary GnFE)
 82179 | Zot:1    | Noticed an ancient lich
 82179 | Zot:1    | Noticed Heisao's ghost (legendary TrBe)
 82195 | Zot:1    | Noticed an ancient lich
 82198 | Zot:1    | Noticed an ancient lich
 82210 | Zot:1    | Killed an ancient lich
 82212 | Zot:1    | Killed an ancient lich
 82212 | Zot:1    | Killed an ancient lich
 82215 | Zot:1    | Killed Heisao's ghost
 82216 | Zot:1    | Killed Uneer's ghost
 82222 | Zot:1    | Identified the ring of Daffodils {rPois rF- MR+ Int+5} (You
                  | found it on level 1 of the Realm of Zot)
 82226 | Zot:1    | Identified the cursed +0 hat "Fohu" {rPois Regen+ Dex-4}
                  | (You found it on level 1 of the Realm of Zot)
 83410 | Zot:2    | Identified the +4 dragonskin cloak
 83410 | Zot:2    | Noticed Tiamat
 83419 | Zot:2    | Killed Tiamat
 83475 | Zot:2    | Found the +0 sword of Power
 84270 | Zot:3    | Noticed an ancient lich
 84432 | Zot:3    | Killed an ancient lich
 84939 | Zot:3    | Reached skill level 27 in Invocations
 86010 | Zot:5    | Entered Level 5 of the Realm of Zot
 86478 | Zot:5    | Noticed an orb of fire
 86483 | Zot:5    | Noticed an orb of fire
 86486 | Zot:5    | Killed an orb of fire
 86498 | Zot:5    | Noticed an orb of fire
 86500 | Zot:5    | Reached skill level 10 in Dodging
 86502 | Zot:5    | Killed an orb of fire
 86505 | Zot:5    | Noticed an orb of fire
 86508 | Zot:5    | Noticed an orb of fire
 86509 | Zot:5    | Killed an orb of fire
 86521 | Zot:5    | Killed an orb of fire
 86525 | Zot:5    | Killed from afar by a purple draconian annihilator

Illustrated notes

Levels and vault maps discovered:
D:1:      erik_arrival_triangle_large, layout_basic
D:2:      layout_basic, grunt_temple_overflow_open, nicolae_ru_path_of_blood
D:3:      layout_basic, first_ration, nemelex_dance_club_becter
D:4:      kennysheep_goblin_castle, layout_basic, enter_ossuary_4, sigmund_army
D:5:      gammafunk_steamed_eel, layout_loops_ring, hex_medium, uniq_duvessa
D:6:      layout_gridville, temple_doors_ab
D:7:      layout_cave_pods, minivault_22, grunt_livestock, minmay_between,
          uniq_joseph, uniq_harold, uniq_menkaure
D:8:      layout_basic, chequers_temple_overflow_statue_of_worship,
          xom_confusion_cloud, minmay_misc_feat_cross, uniq_maurice, uniq_pikel,
          uniq_grum
D:9:      layout_small_grid, erik_orc_1, trog_hazing_becter
D:10:     layout_rooms, david_lair_generic, chequers_serial_rivers_small_a
D:11:     kennysheep_big_flooded_room, layout_cave_pools, basic_altar
D:12:     layout_loops_ring, serial_shops, nicolae_shop_statue_plus,
          portal_ice_cave_entry_ice_beasts, nicolae_trove_entry_columns
D:13:     layout_small_grid
D:14:     layout_grid_maze, lightli_vaults_fourway_checkpoint,
          kennysheep_small_square
D:15:     grunt_enter_depths_hoard, layout_loops_ring, minmay_misc_feat_pillars,
          minmay_crystal_box
Temple:   nicolae_temple_god_jail
Lair:1:   cheibrodos_lair_river_kwai, layout_gridlike, grunt_megastairs_4,
          serial_bayou_shore_b, uniq_gastronok, uniq_maggie
Lair:2:   layout_loops_ring, nicolae_lair_grove_arrangements,
          serial_bayou_shore_b, serial_bayou_shore_b, minmay_lair_oklob_chamber
Lair:3:   layout_gridlike, spider_nest_entry_a, minivault_27, st_stairs_6
Lair:4:   layout_roguey, minmay_swamp_entry_reptiles, lemuel_fruit_fields
Lair:5:   layout_layer_cave, serial_bayou_shore_b
Lair:6:   minmay_lair_end_enchanted_forest, layout_concentric_octagons,
          nicolae_slime_entry_slimehenge, grunt_megastairs_1
Swamp:1:  layout_falls_marsh, evilmike_swamp_ruin_house_4, uniq_frances
Swamp:2:  layout_falls_marsh, serial_swamp_ruin, evilmike_swamp_ruin_house_2,
          hangedman_swamp_ruin_hall, uniq_roxanne, uniq_aizul
Swamp:3:  layout_basic_swamp, evilmike_swamp_ruin_house_3, swamp_pool4,
          uniq_bai_suzhen
Swamp:4:  swamp_basic_johnstein, layout_basic_swamp, hangedman_swamp_cone,
          infiniplex_staircase_pool_2, uniq_louise
Spider:1: layout_chambers
Spider:2: cheibrodos_spider_deadly_dance, nicolae_spider_cling_halls
Spider:3: layout_spider_delve, uniq_asterion, uniq_agnes
Spider:4: spider_rune_water, nicolae_spider_cling_ruins, uniq_kirke,
          uniq_arachne
Slime:1:  layout_caves
Slime:2:  layout_caves
Slime:3:  layout_caves
Slime:4:  layout_caves, cheibrodos_slime_lost_civilization_7
Slime:5
Orc:1:    layout_diamond_mine, kennysheep_orc_chapel
Orc:2:    kennysheep_orc_mage_school, layout_diamond_mine, mines2_david
Elf:1:    layout_gridlike, orc_legates, einodemon_crawler_minivault,
          grunt_megastairs_2, uniq_azrael
Elf:2:    layout_geoelf_grid, serial_shops, shop_coins
Elf:3:    minmay_elf_hall_hex, layout_geoelf_octagon
Vaults:1: nicolae_vaults_yaktaur_gun_rack, v_misc_33, vaults_mumra_chevron,
          v_misc_3, grunt_vaults_hallway_short, ontoclasm_vaults_gateway,
          hangedman_vaults_river_flow, st_squares,
          vaults_room_grunt_arrival_ludios, ontoclasm_vaults_chip,
          vaults_room_pool, nicolae_vaults_little_squares_2,
          nicolae_vaults_little_squares_2, layout_vaults_omnibox, serial_shops,
          shop
Vaults:2: v_misc_16, nicolae_vaults_quadrants, v_alt_pattern_4,
          grunt_vaults_hallway_long, ontoclasm_vaults_claustrophobia,
          vaults_room_large_hall, vaults_mumra_hex,
          nicolae_vaults_ring_of_whatevers, v_pattern_5, vaults_room_fours,
          nicolae_vaults_little_squares_3, vaults_dpeg_ring,
          layout_vaults_quadrants, infiniplex_enter_wizlab_glasses,
          serial_shops, nicolae_shop_crystal
Vaults:3: minmay_crypt_entry_simple_corners, dpeg_vaults_monster_row,
          vaults_room_glass_cross, vaults_room_semicircle,
          nicolae_vaults_border_crossing, layout_vaults_big_room, serial_shops,
          nicolae_shop_stone
Vaults:4: hangedman_vaults_hat, v_rooms_4, nicolae_vaults_circle_grid_b,
          hangedman_vaults_corner_blocks, hangedman_vaults_stream,
          vaults_mumra_minichess, nicolae_vaults_hallways_thing,
          ontoclasm_vaults_ring_large, nicolae_vaults_network_star,
          hangedman_vaults_unwind, hangedman_vaults_corner_blocks,
          nicolae_vaults_specimen_jars, nicolae_vaults_shelves_hall, st_lattice,
          nicolae_vaults_diagonal_hallway_8, layout_vaults_maze_snakey,
          portal_desolation_entry_ruin, serial_shops, nicolae_shop_statue_plus
Vaults:5
Crypt:1:  layout_misc_corridors, small_statue_intersection,
          grunt_crypt_arrival_split
Crypt:2:  layout_chaotic_city, minigarden_bobbens
Crypt:3:  evilmike_haunted_forest
Depths:1: minmay_ambush_box, layout_basic, pf_coc_iceberg,
          nicolae_abyss_entry_one_way_or_another, kennysheep_generic_room_12
Depths:2: minmay_mutant_horseshoe, layout_basic, serial_shops, kennysheep_mini,
          serial_co_window_serial, co_window_paths_a, co_window_corner_a,
          co_window_corner_a, co_window_of_opportunity_a,
          co_window_of_opportunity_a, co_window_of_opportunity_a,
          co_window_corner_a, co_window_broadway_b, co_window_broadway_c,
          co_window_unsneaky_path_d, co_window_corner_b, co_window_corner_cb,
          co_window_corner_b, co_window_4corner_a, glass_columns_a,
          glass_columns_c, hell_entry
Depths:3: minmay_the_grid_triangle_9x9_rhombus_full_mashed
          [minmay_the_grid_triangle_9x9_checkered,
          minmay_the_grid_triangle_9x9_skeleton,
          minmay_the_grid_triangle_9x9_warning,
          minmay_the_grid_triangle_9x9_alien,
          minmay_the_grid_triangle_9x9_corrupted_corridor,
          minmay_the_grid_triangle_9x9_corruption,
          minmay_the_grid_triangle_9x9_minimal,
          minmay_the_grid_triangle_9x9_prize_schism], layout_basic,
          abyss_entry_flame_altar, chequers_serial_rivers_large_b,
          grunt_pan_entry_in_and_out, lightli_too_deep, kb_rosetta,
          minmay_staircase_statues
Depths:4: hangedman_crystal_crosses_colossus [crystal_crosses_arms_four,
          crystal_crosses_arms_two, crystal_crosses_arms_two,
          crystal_crosses_arms_one], abyss_entry, pan_entry, hell_entry
Depths:5: evilmike_zot_entry_round, layout_gridville, hell_entry,
          rand_demon_pan_entry_5, tso_altar, serial_shops, shop,
          minmay_hedge_maze, drop_trap
Hell
Zot:1:    layout_onion_interference, gammafunk_ghost_crypt
Zot:2:    layout_cellular_growth, st_grand_hoard_of_tiamat
Zot:3:    ebering_klown_carousel, layout_onion, lemuel_golem_globe
Zot:4:    layout_misc_corridors
Zot:5:    layout_misc_corridors

Skill      XL: |  1  2  3  4  5  6  7  8  9 10 11 12 13 14 15 16 17 18 19 20 21 22 23 24 25 26 27 |
---------------+----------------------------------------------------------------------------------+-----
Fighting       | 3 4 5 6 7 9 10 11 12 13 14 15 16 17 19 20 22 23 25 26 27 | 27.0
Axes           | 1 2 3 4 5 7 9 11 12 13 14 15 17 18 19 20 | 20.1
Throwing       | 5 6 7 8 9 10 11 12 13 14 15 16 17 18 19 22 | 22.6
Dodging        | 2 3 4 7 8 9 10 | 10.3
Invocations    | 1 5 7 8 9 10 11 12 13 14 15 16 18 20 21 27 | 27.0
Shields        | 2 4 7 9 10 11 14 15 | 15.0
Armour         | 2 11 12 19 | 19.2
Evocations     | 4 5 6 |  6.0
Translocations | 4 12 | 12.0
Spellcasting   | 7 |  7.4
Stealth        | |  0.6

Action                   |  1- 3 |  4- 6 |  7- 9 | 10-12 | 13-15 | 16-18 | 19-21 | 22-24 | 25-27 || total
-------------------------+-------+-------+-------+-------+-------+-------+-------+-------+-------++-------
Melee: Short sword       |    34 |       |       |       |       |       |       |       |       ||    34
       Hand axe          |    57 |   289 |   408 |   916 |   973 |       |       |       |       ||  2643
       Whip              |       |       |     8 |       |       |       |       |       |       ||     8
       War axe           |       |       |       |       |     9 |       |       |    13 |   161 ||   183
       Broad axe         |       |       |       |       |   255 |  1445 |  1044 |  1559 |  2470 ||  6773
       Kick              |       |       |       |       |       |       |   114 |   738 |  1342 ||  2194
Throw: Stone             |    18 |    39 |    85 |   156 |    86 |    92 |     1 |       |    60 ||   537
       Throwing net      |     1 |       |     1 |     1 |       |       |       |       |       ||     3
       Large rock        |       |     1 |     7 |     7 |     6 |     7 |     1 |       |     5 ||    34
       Dart              |       |    14 |    54 |    50 |       |       |       |       |       ||   118
       Boomerang         |       |    19 |    21 |    37 |    17 |     2 |     2 |       |    22 ||   120
       Javelin           |       |       |       |     6 |       |       |       |       |     1 ||     7
 Cast: Apportation       |       |       |       |       |       |    12 |       |       |     2 ||    14
       Blink             |       |       |       |       |       |       |       |       |     3 ||     3
Invok: Stomp             |       |       |       |     9 |     1 |       |     9 |       |    12 ||    31
       Line Pass         |       |       |       |     2 |     2 |       |     1 |       |     5 ||    10
       Grand Finale      |       |       |       |       |       |       |     3 |       |     7 ||    10
Evoke: Wand              |       |       |     9 |    12 |       |       |     1 |       |     2 ||    24
  Use: Scroll            |       |    10 |     6 |    15 |    21 |     4 |     2 |     9 |     6 ||    73
       Potion            |       |       |       |       |     1 |     1 |     6 |       |       ||     8
 Stab: Held in net/web   |     1 |       |       |       |       |       |       |       |       ||     1
       Sleeping          |       |       |     1 |       |       |       |       |       |       ||     1
       Paralysed         |       |       |       |    54 |   110 |   127 |   167 |   227 |   474 ||  1159
       Confused          |       |       |       |     1 |       |       |       |       |       ||     1
       Distracted        |       |       |       |       |       |       |     2 |       |       ||     2
  Eat: Chunk             |     2 |    10 |    23 |    27 |    34 |    36 |    31 |    22 |    47 ||   232
       Ration            |       |     1 |       |     2 |     2 |     2 |       |     3 |     8 ||    18
Armor: Robe              |    27 |    72 |    91 |   100 |       |       |       |       |       ||   290
       Pearl dragon scal |       |       |       |    96 |   365 |   335 |   110 |   101 |   152 ||  1159
       Gold dragon scale |       |       |       |       |       |       |       |       |   318 ||   318
Dodge: Dodged            |    52 |   147 |   236 |   311 |   170 |   131 |    66 |    76 |   263 ||  1452
Block: Kite shield       |       |       |       |    82 |   577 |       |       |       |       ||   659
       Reflection        |       |       |       |       |    56 |    36 |    62 |    86 |   145 ||   385
       Tower shield      |       |       |       |       |   256 |  1297 |   697 |   962 |  2208 ||  5420
